[Event "Team 45 45 League T48"]
[Site "Internet Chess Club"]
[Date "2011.03.04"]
[Round "4"]
[White "Elalfer"]
[Black "Oscar"]
[Result "1/2-1/2"]
[WhiteElo "1362"]
[BlackElo "1509"]
[Opening "King's Indian: 5.Nf3"]
[ECO "E90"]
[Time "22:00:20"]
[TimeControl "2700+45"]

1. d4 Nf6 2. c4 g6 3. Nc3 Bg7 4. Nf3 d6 5. e4 Nbd7 6. Be2 O-O 7. O-O c5 8. e5
dxe5 9. dxe5 Ng4 10. Bf4 Ngxe5 11. Nxe5 Nxe5 12. Qd5 Qxd5 13. Nxd5 Be6 14. Nxe7+
Kh8 15. Nd5 Rfd8 16. Nc7 Rac8 17. Nxe6 fxe6 18. Rfe1 Rc6 19. Rad1 Rcd6 20. Rxd6
Rxd6 21. Bf1 Nd3 22. Rd1 Rd4 23. Bxd3 Rxf4 24. b3 Bd4 25. Rd2 e5 26. g3 Rf6 27.
Kg2 g5 28. g4 b6 29. Be4 h6 30. f3 Kg7 31. Kg3 Kf8 32. h3 Ke7 33. h4 Kf8 34. h5
Ke7 35. Kg2 Kd8 36. Kf1 Kc7 37. Ke2 Rd6 38. Kd1 Kb8 39. Kc2 Kc7 40. Kb1 a6 41.
a4 Kb8 42. Kc2 Kc7 43. Rd3 Kb8 44. Rd2 Kc7 45. Rd3 {Game drawn by mutual
agreement} 1/2-1/2

[Event "Team 45 45 League T48"]
[Site "Internet Chess Club"]
[Date "2011.03.04"]
[Round "4"]
[White "one-over"]
[Black "tamky70"]
[Result "0-1"]
[WhiteElo "1342"]
[BlackElo "1388"]
[Opening "Pirc defense"]
[ECO "B07"]
[Time "19:01:21"]
[TimeControl "2700+45"]

1. e4 d6 2. d4 Nf6 3. Nc3 g6 4. Bd2 Nc6 5. Nf3 Bg4 6. Be3 Bg7 7. Be2 O-O 8. O-O
e5 9. dxe5 dxe5 10. Qxd8 Raxd8 11. Rfe1 h6 12. h3 Bxf3 13. Bxf3 Nd4 14. Bd1 a6
15. f3 c6 16. Ne2 c5 17. c3 Ne6 18. Bb3 Rd3 19. Kf2 Nf4 20. Bxf4 exf4 21. Nxf4
Rd2+ 22. Re2 Rfd8 23. Rb1 b5 24. a3 c4 25. Ba2 Bf8 26. Ke3 Bc5# {White
checkmated} 0-1

[Event "Team 45 45 League T48"]
[Site "Internet Chess Club"]
[Date "2011.03.03"]
[Round "4"]
[White "Traho"]
[Black "dondel"]
[Result "0-1"]
[WhiteElo "1120"]
[BlackElo "1243"]
[Opening "Sicilian: Smith-Morra gambit"]
[ECO "B21"]
[Time "19:00:27"]
[TimeControl "2700+45"]

1. e4 c5 2. d4 d5 3. dxc5 dxe4 4. Qxd8+ Kxd8 5. Nc3 Nf6 6. Bb5 a6 7. Bc4 e6 8.
Bg5 Nd7 9. Rd1 Bxc5 10. Nxe4 Bb4+ 11. c3 Be7 12. Nxf6 gxf6 13. Bh4 Rg8 14. Bg3
f5 15. f4 Bc5 16. Nf3 Rg7 17. b4 Be7 18. O-O Rb8 19. a4 b6 20. Ng5 h6 21. Nf3
Ra8 22. Ne5 Bf6 23. Nxd7 Bxd7 24. Rf3 Ke7 25. Bb3 Bc6 26. Rfd3 a5 27. Rd6 Be4
28. Rd7+ Ke8 29. Bxe6 fxe6 30. Rxg7 Bxg7 31. Rc1 axb4 32. cxb4 Rxa4 33. Rc6 Bxc6
{White resigns} 0-1

[Event "Team 45 45 League T48"]
[Site "Internet Chess Club"]
[Date "2011.03.07"]
[Round "4"]
[White "houseofcook"]
[Black "g8wrb"]
[Result "0-1"]
[WhiteElo "1384"]
[BlackElo "1438"]
[Opening "French: Steinitz, Boleslavsky variation"]
[ECO "C11"]
[Time "14:00:10"]
[TimeControl "2700+45"]

1. e4 e6 2. d4 d5 3. Nc3 Nf6 4. e5 Nfd7 5. f4 c5 6. Nf3 Nc6 7. Be3 Qb6 8. Na4
Qa5+ 9. Nc3 cxd4 10. Nxd4 Bb4 11. Qd2 O-O 12. Be2 Nc5 13. Nb3 Nxb3 14. cxb3 Bd7
15. O-O Ne7 16. a3 Bxc3 17. bxc3 Nf5 18. b4 Qc7 19. Bf2 Rfc8 20. Rac1 a6 21.
Rfe1 Bb5 22. Bf3 Qe7 23. g4 Nh4 24. Bh1 Rc4 25. Bc5 Rxc5 26. bxc5 Qxc5+ 27. Qd4
Qxa3 28. Qf2 Qe7 29. g5 Ng6 30. Bg2 Qc7 31. h4 Rc8 32. h5 Ne7 33. Bh3 Bd3 34.
Kh2 b5 35. Qe3 Be4 36. Bg2 Nf5 37. Qh3 Bxg2 38. Kxg2 Qc4 39. Qg4 Qd3 40. g6 Ne3+
41. Rxe3 Qxe3 42. gxf7+ Kxf7 43. Rf1 Rxc3 44. Rf2 Qe4+ 45. Kh2 a5 46. Rg2 g6 47.
Qg5 Qf5 48. Qh6 Qxh5+ {White resigns} 0-1

[Event "Team 45 45 League T48"]
[Site "Internet Chess Club"]
[Date "2011.03.06"]
[Round "4"]
[White "SCUGrad"]
[Black "AndreaCoda"]
[Result "1/2-1/2"]
[WhiteElo "1390"]
[BlackElo "1394"]
[Opening "Scandinavian defense"]
[ECO "B01"]
[Time "08:00:41"]
[TimeControl "2700+45"]

1. e4 d5 2. exd5 Qxd5 3. Nc3 Qa5 4. d4 Nf6 5. Nf3 Bf5 6. Bd2 c6 7. Bc4 e6 8. Nd5
Qd8 9. Nxf6+ Qxf6 10. O-O Bd6 11. Re1 O-O 12. Ne5 Bxe5 13. dxe5 Qh4 14. Qe2 Nd7
15. Bd3 Bxd3 16. Qxd3 Rad8 17. Re4 Qe7 18. Qe3 Rfe8 19. Bc3 b6 20. Rg4 c5 21.
Qh6 Qf8 22. Re1 Kh8 23. Qh5 Nb8 24. Rh4 Qg8 25. Rf4 Re7 26. b4 Na6 27. bxc5 Nxc5
28. Rd4 {Game drawn by mutual agreement} 1/2-1/2

[Event "Team 45 45 League T48"]
[Site "Internet Chess Club"]
[Date "2011.03.04"]
[Round "4"]
[White "RickLR"]
[Black "AlPearson"]
[Result "1-0"]
[WhiteElo "1311"]
[BlackElo "1377"]
[Opening "English opening"]
[ECO "A05"]
[Time "09:33:29"]
[TimeControl "2700+45"]

1. Nf3 Nf6 2. c4 g6 3. b3 Bg7 4. Bb2 d6 5. g3 O-O 6. Bg2 c5 7. O-O Nc6 8. d3 Rb8
9. Nbd2 a6 10. a3 b5 11. Ra2 bxc4 12. dxc4 Bf5 13. Nh4 Bd7 14. Qa1 Qb6 15. Nhf3
Na5 16. b4 cxb4 17. axb4 Qxb4 18. Rb1 Nb3 19. Nxb3 Qxb3 20. Nd2 Qb4 21. Bd4
Qxb1+ 22. Nxb1 Bc8 23. e3 Ra8 24. Bxa8 Be6 25. Rxa6 Bxc4 26. Ra5 Rc8 27. Nd2 Be6
28. Bb7 Rc2 29. Ra8+ Bf8 30. Bxf6 exf6 31. Ne4 h5 32. Nxf6+ Kg7 33. Nd7+ Kh6 34.
Nxf8 Bh3 35. Bg2 Bf5 36. f4 h4 37. Qh8# {Black checkmated} 1-0

[Event "Team 45 45 League T48"]
[Site "Internet Chess Club"]
[Date "2011.03.05"]
[Round "4"]
[White "AtomicDog"]
[Black "farbror"]
[Result "0-1"]
[WhiteElo "1383"]
[BlackElo "1302"]
[Opening "Owen defense"]
[ECO "B00"]
[Time "14:30:46"]
[TimeControl "2700+45"]

1. e4 b6 2. d4 Bb7 3. Bd3 e6 4. Nf3 Nf6 5. Qe2 d5 6. e5 Nfd7 7. O-O h6 8. Nbd2
c5 9. c3 cxd4 10. cxd4 Nc6 11. Rd1 Nb4 12. Bb1 Rc8 13. Nf1 Be7 14. b3 O-O 15. a3
Nc6 16. Qd3 f5 17. exf6 Nxf6 18. Ng3 Qe8 19. Bf4 Nb8 20. Ne5 Ba6 21. Qf3 Nbd7
22. Ng6 Rf7 23. Re1 Nf8 24. Ne5 N6d7 25. Nxf7 Qxf7 26. Bd3 Bxd3 27. Qxd3 Qxf4
28. Nh5 Qg5 29. Ng3 Nf6 30. Re5 Rc1+ 31. Nf1 Qxe5 32. Rxc1 Qe4 33. Qc3 Ng4 34.
Ng3 Qf4 35. b4 Qxf2+ 36. Kh1 Qf4 37. Rf1 Qg5 38. Qf3 Nf6 39. Re1 Bd6 40. Rf1
Bxg3 41. hxg3 {White resigns} 0-1

[Event "Team 45 45 League T48"]
[Site "Internet Chess Club"]
[Date "2011.03.06"]
[Round "4"]
[White "dinosaurs01"]
[Black "oldsj"]
[Result "1/2-1/2"]
[WhiteElo "1455"]
[BlackElo "1631"]
[Opening "Vienna gambit"]
[ECO "C29"]
[Time "10:00:21"]
[TimeControl "2700+45"]

1. e4 e5 2. Nc3 Nf6 3. f4 d5 4. fxe5 Nxe4 5. Nxe4 dxe4 6. Qe2 Bf5 7. Qf2 Qd7 8.
Bb5 c6 9. Bc4 b5 10. Bb3 c5 11. c4 b4 12. Ba4 Qxa4 13. Qxf5 Qd7 14. Qxe4 Nc6 15.
Nf3 Be7 16. O-O O-O 17. b3 Rae8 18. Bb2 Nd8 19. Rad1 Ne6 20. Rfe1 Qc7 21. Qb1
Rd8 22. Kh1 Qc6 23. d4 cxd4 24. Nxd4 Nxd4 25. Rxd4 Qe6 26. Red1 Rxd4 27. Bxd4 a5
28. Qe4 Rd8 29. Qe1 h6 30. Ba1 Rxd1 31. Qxd1 Qf5 32. Bd4 Qd7 33. Qa1 Qc6 34. e6
fxe6 35. Bxg7 h5 36. Bh6 Bf8 37. Bxf8 Kxf8 38. Qh8+ Ke7 39. Qxh5 Qe4 40. Qd1 e5
41. h3 Qf4 42. Kg1 e4 43. Qe2 Qc1+ 44. Kf2 Qf4+ 45. Kg1 Qc1+ 46. Qf1 Qd2 47. Qf5
e3 48. Qe5+ Kf7 49. Qd5+ Kf6 50. Qf3+ Ke7 51. Qe4+ Kf6 52. Qf4+ Ke7 53. Qe5+ Kf8
54. Qf6+ Ke8 55. Qe6+ Kf8 56. Qf6+ Ke8 57. Qe6+ {Game drawn by mutual agreement}
1/2-1/2

[Event "Team 45 45 League T48"]
[Site "Internet Chess Club"]
[Date "2011.03.06"]
[Round "4"]
[White "Risto"]
[Black "cys456"]
[Result "1-0"]
[WhiteElo "1256"]
[BlackElo "1432"]
[Opening "Sicilian: Labourdonnais-Löwenthal variation"]
[ECO "B32"]
[Time "09:59:31"]
[TimeControl "2700+45"]

1. e4 c5 2. Nf3 Nc6 3. d4 cxd4 4. Nxd4 e5 5. Nxc6 bxc6 6. Be2 Nf6 7. Bg5 Be7 8.
Nc3 a6 9. O-O Bb7 10. Re1 d5 11. exd5 cxd5 12. Bxf6 Bxf6 13. Bg4 O-O 14. Qe2 d4
15. Rad1 Qc7 16. Ne4 Bxe4 17. Qxe4 Rfe8 18. Be2 Qb6 19. b3 a5 20. Bc4 Rad8 21.
Rd3 Qb4 22. Red1 a4 23. Rh3 g6 24. Qc6 Qd6 25. Bb5 Qxc6 26. Bxc6 axb3 27. cxb3
Re6 28. Bb5 e4 29. Bc4 Rc6 30. Kf1 d3 31. Re3 Rd4 32. f3 Bg5 33. Rxe4 Rxe4 34.
fxe4 Rf6+ 35. Ke1 d2+ 36. Ke2 Kf8 37. a4 Rb6 38. a5 Rb8 39. a6 Ra8 40. h4 Bh6
41. b4 Ra7 42. b5 Re7 43. Bd5 f5 44. g4 fxg4 45. b6 Kg7 46. a7 Kf6 47. a8=Q Ke5
48. Qa1+ Kd6 49. Qf6+ Kd7 50. Qc6+ Kd8 51. b7 Bf4 52. Qc8# {Black checkmated}
1-0

[Event "Team 45 45 League T48"]
[Site "Internet Chess Club"]
[Date "2011.03.08"]
[Round "4"]
[White "tyler66"]
[Black "stan-beers"]
[Result "0-1"]
[WhiteElo "1461"]
[BlackElo "1457"]
[Opening "Philidor: Improved Hanham variation"]
[ECO "B07"]
[Time "19:00:09"]
[TimeControl "2700+45"]

1. e4 d6 2. d4 Nf6 3. Nc3 Nbd7 4. Nf3 e5 5. dxe5 dxe5 6. Bb5 c6 7. Bc4 h6 8. Be3
Be7 9. O-O Qc7 10. Qd2 g5 11. h3 Nf8 12. Nh2 Ng6 13. g3 Bxh3 14. Rfd1 O-O 15. f3
b5 16. Bb3 Rad8 17. Qf2 a6 18. Bb6 Rxd1+ 19. Rxd1 Qc8 20. g4 Nf4 21. Ne2 Bxg4
22. Nxf4 Bxf3 23. Qxf3 exf4 24. Re1 Re8 25. e5 Nd5 26. Bxd5 cxd5 27. Qxd5 Bd8
28. Bxd8 Rxd8 29. Qb3 Re8 30. a4 Qc5+ 31. Kf1 Rxe5 32. axb5 Rxe1+ 33. Kxe1 axb5
34. Ng4 Qg1+ 35. Kd2 Qxg4 36. Qxb5 Qg2+ 37. Kc3 Qf3+ 38. Kb4 Qe4+ 39. c4 f3 40.
Qc5 g4 41. Qc8+ Kg7 42. Qc5 g3 43. Qg1 g2 44. b3 Qe2 45. c5 Qe4+ 46. Kb5 Qg4 47.
c6 f2 48. Qxf2 g1=Q 49. Qxg1 Qxg1 50. c7 Qg5+ 51. Kb6 Qe3+ 52. Ka6 Qe6+ 53. Ka7
Qc8 54. Kb6 h5 55. Kc6 Kf6 56. b4 Ke6 57. b5 Ke7 58. b6 Qd7+ 59. Kb7 Qd5+ 60.
Kb8 Qd6 61. Kb7 Qd7 62. Kb8 Qd6 63. Kb7 Qd7 64. Kb8 h4 65. b7 Qd6 66. Kc8 h3 67.
b8=Q Qd7+ 68. Kb7 h2 69. Qh8 Qd5+ 70. Kb8 h1=Q 71. Qxh1 Qxh1 72. c8=Q Qb1+ 73.
Ka7 Qa2+ 74. Kb6 Qe6+ 75. Qxe6+ Kxe6 76. Kc5 Ke5 77. Kc4 Ke4 78. Kc3 Ke3 79. Kc2
Ke2 80. Kc3 f6 81. Kd4 Kf3 82. Kd3 f5 83. Kd2 f4 84. Kd3 Kg2 85. Ke2 f3+ 86. Ke1
f2+ 87. Ke2 f1=Q+ 88. Ke3 Kg3 89. Ke4 Kg4 90. Ke5 Kg5 91. Ke4 Qf4+ 92. Kd5 Qe3
93. Kd6 Kf6 94. Kd5 Qe5+ 95. Kc6 Qd4 96. Kb5 Ke6 97. Kc6 Qd5+ 98. Kb6 Qc4 99.
Ka5 Kd6 100. Kb6 Qc6+ 101. Ka5 Qc1 102. Kb4 Kd5 103. Ka5 Kc5 104. Ka6 Kc6 105.
Ka5 Qb1 106. Ka4 Kc5 107. Ka3 Kc4 108. Ka4 Qa1# {White checkmated} 0-1

[Event "Team 45 45 League T48"]
[Site "Internet Chess Club"]
[Date "2011.03.05"]
[Round "4"]
[White "Fogbound"]
[Black "joshq03"]
[Result "1-0"]
[WhiteElo "1282"]
[BlackElo "1214"]
[Opening "Queen's bishop game"]
[ECO "D00"]
[Time "14:00:34"]
[TimeControl "2700+45"]

1. d4 d5 2. Bf4 Nf6 3. Nf3 Bf5 4. c4 c6 5. Nc3 e6 6. Qb3 b6 7. a3 Nbd7 8. Ne5 c5
9. Nc6 Qc8 10. cxd5 exd5 11. Ne5 cxd4 12. Nb5 Nh5 13. Qxd5 Be6 14. Qxd4 Bc5 15.
Nd6+ Bxd6 16. Nd3 Nxf4 17. Qxd6 Nxd3+ 18. exd3 Qc2 19. Be2 Qxb2 20. O-O Qf6 21.
Rac1 Qe5 22. Qc6 O-O 23. Rfe1 Nf6 24. Bg4 Qb2 25. Bxe6 fxe6 26. Qxe6+ Kh8 27. h3
Qd2 28. Rcd1 Qc3 29. Rc1 Qxd3 30. Rc7 Rae8 31. Re7 Rd8 32. Re3 Qd1+ 33. Kh2 Nd5
34. Rxg7 Qh5 35. Re5 Qh4 36. Rf7 Nf4 37. Qf5 Rg8 38. g3 Qh6 39. gxf4 Rdf8 40.
Ree7 Qc6 41. Qxh7# {Black checkmated} 1-0

[Event "Team 45 45 League T48"]
[Site "Internet Chess Club"]
[Date "2011.03.06"]
[Round "4"]
[White "ars-felidae"]
[Black "Xanther"]
[Result "1-0"]
[WhiteElo "1463"]
[BlackElo "1443"]
[Opening "French: exchange variation"]
[ECO "C01"]
[Time "11:00:12"]
[TimeControl "2700+45"]

1. e4 e6 2. d4 d5 3. exd5 exd5 4. Nf3 Nf6 5. Bg5 Bf5 6. Nc3 c6 7. Bd3 Bg4 8.
Qe2+ Qe7 9. Bxf6 Qxe2+ 10. Bxe2 gxf6 11. h3 Bf5 12. O-O-O Bb4 13. g4 Bxc3 14.
bxc3 Be4 15. Rhe1 Kd8 16. Nd2 Re8 17. Nxe4 Rxe4 18. Bd3 Rf4 19. Re2 h6 20. Rde1
Kc7 21. Re7+ Kb6 22. Kd2 Rxf2+ 23. Ke3 Rh2 24. Rb1+ Ka5 25. Rd7 b5 26. Rb7 Ka6
27. Rxf7 Rxh3+ 28. Kf4 Kb6 29. Rxf6 Kc7 30. Be2 Nd7 31. Rf7 Kd6 32. c4 bxc4 33.
Rb7 Nb6 34. Rf6# {Black checkmated} 1-0

[Event "Team 45 45 League T48"]
[Site "Internet Chess Club"]
[Date "2011.03.03"]
[Round "4"]
[White "Kristian1974"]
[Black "smsxman"]
[Result "0-1"]
[WhiteElo "1502"]
[BlackElo "1455"]
[Opening "Catalan: closed, 5.Nf3"]
[ECO "E06"]
[Time "13:51:12"]
[TimeControl "2700+45"]

1. d4 d5 2. c4 e6 3. Nf3 Nf6 4. g3 Be7 5. Bg2 Nc6 6. O-O O-O 7. Qc2 Nb4 8. Qb3
Rb8 9. Bg5 a5 10. Nc3 dxc4 11. Qxc4 Nfd5 12. Bd2 Nb6 13. Qb3 Bd7 14. a3 a4 15.
Qd1 N4d5 16. e4 Nxc3 17. bxc3 Nc4 18. Bc1 Bb5 19. Re1 Nb6 20. Rb1 Bc4 21. Nd2
Ba6 22. Qc2 Qd7 23. Nf3 Bf6 24. e5 Be7 25. Ng5 g6 26. Qe4 h6 27. Nxf7 Kxf7 28.
Bxh6 Rh8 29. Qf4+ Ke8 30. Be4 g5 31. Bg6+ Kd8 32. Bxg5 Nd5 33. Qg4 Rg8 34. Bh4
Bd3 35. Bxe7+ Qxe7 36. Rbd1 Rxg6 37. Qh3 Bf5 38. Qh8+ Qe8 39. Qh4+ Kd7 40. c4
Rg4 41. Qh6 Nc3 42. Rc1 Re4 43. Rxe4 Nxe4 44. f3 Nd2 45. Qxd2 Rd8 46. g4 Bg6 47.
Qb4 Kc8 48. f4 Qc6 49. Qc3 Be4 50. Rf1 Bh1 51. Rf2 Be4 52. f5 exf5 53. gxf5 Rg8+
54. Kf1 Bg2+ 55. Ke2 Qe4+ 56. Qe3 Qc2+ 57. Qd2 Qxc4+ 58. Ke1 Bd5 59. f6 Rg1+ 60.
Rf1 Rxf1# {White checkmated} 0-1

[Event "Team 45 45 League T48"]
[Site "Internet Chess Club"]
[Date "2011.03.03"]
[Round "4"]
[White "DrOMM"]
[Black "SeniorCitizen"]
[Result "0-1"]
[WhiteElo "1368"]
[BlackElo "1341"]
[Opening "Queen's pawn game"]
[ECO "D00"]
[Time "15:01:00"]
[TimeControl "2700+45"]

1. d4 d5 2. e3 e6 3. Nc3 Nf6 4. Bd3 Nbd7 5. f4 Be7 6. Nh3 c5 7. Bd2 cxd4 8. exd4
Qb6 9. Rb1 Qxd4 10. Nb5 Qb6 11. Qf3 a6 12. Be3 Bc5 13. Bxc5 Nxc5 14. Nc3 Nxd3+
15. Qxd3 Ng4 16. Qf3 Qe3+ 17. Qxe3 Nxe3 18. g3 Nxc2+ 19. Kd2 Nd4 20. Ke3 Nb5 21.
Rbc1 Nxc3 22. Rxc3 Bd7 23. Rhc1 Ke7 24. Nf2 Rhc8 25. Nd3 Rxc3 26. Rxc3 Bc6 27.
Ne5 Rc8 28. Kd4 f6 29. Nd3 Kd6 30. a3 b6 31. h4 Bd7 32. Rxc8 Bxc8 33. b4 Bd7 34.
h5 Bb5 35. Nb2 e5+ 36. fxe5+ fxe5+ 37. Ke3 d4+ 38. Kd2 Kd5 39. a4 Bd7 40. a5 b5
41. Nd3 e4 42. Nc5 Bc8 43. g4 Kc4 44. Nxe4 Kxb4 45. Kd3 Bxg4 46. Kxd4 Bxh5 47.
Ke5 Kxa5 48. Nc5 g5 {White resigns} 0-1

[Event "Team 45 45 League T48"]
[Site "Internet Chess Club"]
[Date "2011.03.10"]
[Round "4"]
[White "IanT"]
[Black "Molsen"]
[Result "0-1"]
[WhiteElo "1372"]
[BlackElo "1185"]
[Opening "King's pawn game"]
[ECO "C50"]
[Time "07:03:33"]
[TimeControl "2700+45"]

1. e4 e5 2. Nf3 Nc6 3. Bc4 d6 4. d4 exd4 5. Nxd4 Bd7 6. O-O Nf6 7. Nc3 Be7 8.
Be3 O-O 9. Qd2 Ne5 10. Bb3 a6 11. Rfe1 c6 12. f4 Neg4 13. h3 Nxe3 14. Qxe3 h6
15. Rad1 d5 16. e5 Nh7 17. Rf1 Bc5 18. a3 Re8 19. Kh1 Qb6 20. Na4 Qa7 21. Nxc5
Qxc5 22. Rf3 Qe7 23. Rg3 Rad8 24. f5 Qxe5 25. Re1 f6 26. Qxe5 Rxe5 27. Rge3 Rde8
28. Rxe5 fxe5 29. Nf3 e4 30. Nd4 Nf6 31. g4 e3 32. Kg2 c5 33. Nf3 Kh7 34. c3 c4
35. Bc2 Bc6 36. Nd4 h5 37. g5 Nd7 38. f6+ g6 39. Kf3 Re5 40. h4 Nc5 41. Rxe3
Rxe3+ 42. Kxe3 Ba4 43. Bxa4 Nxa4 44. b4 Kg8 45. Ne2 Kf7 46. Kd4 Nb6 47. Nf4 Nc8
48. Nxd5 Nd6 49. Nb6 Nf5+ 50. Kxc4 Nxh4 51. Nd7 Nf3 52. Kc5 h4 53. Kb6 h3 54.
Kxb7 h2 55. c4 h1=Q 56. c5 Nd4+ 57. Kxa6 Qc6+ 58. Ka5 Qb5# {White checkmated}
0-1

[Event "Team 45 45 League T48"]
[Site "Internet Chess Club"]
[Date "2011.03.04"]
[Round "4"]
[White "The-Capitalist"]
[Black "baseball613"]
[Result "1-0"]
[WhiteElo "1467"]
[BlackElo "1384"]
[Opening "Caro-Kann: advance variation"]
[ECO "B12"]
[Time "21:02:12"]
[TimeControl "2700+45"]

1. e4 c6 2. d4 d5 3. e5 Bf5 4. h4 e6 5. g4 Bg6 6. h5 Bxh5 7. gxh5 c5 8. Nf3 Nc6
9. c3 Rc8 10. Bd3 Qb6 11. Qa4 cxd4 12. cxd4 Ne7 13. Nc3 a6 14. Rg1 g6 15. hxg6
hxg6 16. Bd2 Rh3 17. Be2 Bg7 18. O-O-O Nf5 19. Be3 Nxe3 20. fxe3 Ke7 21. Qa3+
Kd7 22. Qd6+ Ke8 23. Rh1 Rg3 24. Rh7 Bf8 25. Rh8 {Black resigns} 1-0

[Event "Team 45 45 League T48"]
[Site "Internet Chess Club"]
[Date "2011.03.06"]
[Round "4"]
[White "wildcat2023"]
[Black "kingsrook"]
[Result "0-1"]
[WhiteElo "1200"]
[BlackElo "1262"]
[Opening "Caro-Kann: classical variation"]
[ECO "B18"]
[Time "11:45:55"]
[TimeControl "2700+45"]

1. e4 c6 2. d4 d5 3. Nc3 dxe4 4. Nxe4 Bf5 5. Ng3 Bg6 6. Nf3 Nd7 7. Bd3 Bxd3 8.
Qxd3 Ngf6 9. Bg5 e6 10. O-O Be7 11. Bxf6 Nxf6 12. Ne4 O-O 13. Nxf6+ Bxf6 14. Qb3
Qc7 15. Rfe1 Rad8 16. Qd3 Rd6 17. Ne5 Rfd8 18. c3 Rd5 19. Ng4 Be7 20. Re3 c5 21.
Rg3 Bg5 22. Qf3 Rf5 23. Qe4 Rf4 24. Qd3 cxd4 25. cxd4 Rfxd4 26. Qb3 Qb6 27. h3
Qxb3 28. axb3 Rd1+ 29. Rxd1 Rxd1+ 30. Kh2 Bf4 31. Ne3 Bxg3+ 32. Kxg3 Rd3 33. b4
Rb3 34. Kf4 Rxb4+ 35. Kf3 Rxb2 36. Ke4 a5 37. Nc4 Rb4 38. Kd3 b5 39. Nxa5 Rb2
40. Ke3 Kf8 41. Nc6 b4 42. Nd4 b3 43. Kf3 Ke7 44. g3 Kd6 45. Ke3 Kd5 46. f4 f6
47. g4 e5 48. fxe5 fxe5 49. Nf3 Ra2 50. Nd2 b2 51. Kd3 e4+ 52. Kc2 e3 53. Nf3
Ke4 54. Ne1 e2 55. h4 g6 56. g5 Ke3 57. Kb1 Ra1+ 58. Kxb2 Rxe1 59. Kc2 Rf1 60.
h5 e1=Q 61. hxg6 hxg6 62. Kb2 Qb4+ 63. Ka2 Rf2+ 64. Ka1 Qb2# {White checkmated}
0-1

[Event "Team 45 45 League T48"]
[Site "Internet Chess Club"]
[Date "2011.03.06"]
[Round "4"]
[White "kjs110"]
[Black "iwin2"]
[Result "1-0"]
[WhiteElo "1098"]
[BlackElo "1179"]
[Opening "Sicilian: Steinitz variation"]
[ECO "B20"]
[Time "19:00:24"]
[TimeControl "2700+45"]

1. e4 c5 2. g3 g6 3. Bg2 Bg7 4. Nf3 Nc6 5. O-O e6 6. d3 Nge7 7. Be3 b6 8. Nc3
O-O 9. Qd2 d5 10. exd5 exd5 11. Bg5 d4 12. Ne4 Qd6 13. Nxd6 Nd5 14. Rae1 Be6 15.
Bh6 Ncb4 16. a3 Bxh6 17. Qxh6 Nxc2 18. Rc1 Rad8 19. Ng5 Nf6 20. Nde4 Nxe4 21.
Qxh7# {Black checkmated} 1-0

[Event "Team 45 45 League T48"]
[Site "Internet Chess Club"]
[Date "2011.03.07"]
[Round "4"]
[White "iceface"]
[Black "KidRattler"]
[Result "1/2-1/2"]
[WhiteElo "1365"]
[BlackElo "1177"]
[Opening "Sicilian defense"]
[ECO "B30"]
[Time "16:26:31"]
[TimeControl "2700+45"]

1. e4 c5 2. Nf3 Nc6 3. Bc4 Nf6 4. Nc3 e6 5. d3 d6 6. Be3 Qb6 7. Na4 Qc7 8. O-O
a6 9. Nc3 Be7 10. a3 Bd7 11. Bf4 O-O 12. Re1 Qb6 13. Na4 Qc7 14. Nc3 Qb6 15. Rb1
Qc7 16. e5 dxe5 17. Nxe5 Bd6 18. Nxd7 Qxd7 19. Bxd6 Qxd6 20. Ne4 Nxe4 21. Rxe4
Ne5 22. c3 Rad8 23. d4 Nxc4 24. Qd3 cxd4 25. Rxd4 Qe7 26. Qxc4 Rxd4 27. Qxd4 Rd8
28. Qe3 Qd7 29. h3 Qd3 30. Qxd3 Rxd3 31. Kf1 Kf8 32. Ke2 Rd5 33. Rd1 Rxd1 34.
Kxd1 Ke7 35. Kd2 Kd6 36. Kd3 b6 37. b4 e5 38. c4 f5 39. g4 g6 40. f3 h5 41. a4
hxg4 42. hxg4 fxg4 43. fxg4 g5 44. Ke4 Ke6 45. a5 bxa5 46. bxa5 Kd6 47. Kf5 Kc5
48. Kxg5 Kxc4 49. Kf5 Kd4 50. g5 e4 51. g6 e3 52. g7 e2 53. g8=Q e1=Q 54. Qd8+
Kc4 55. Qc7+ Kb5 56. Qb6+ Ka4 57. Qxa6 Qxa5+ 58. Qxa5+ Kxa5 {Game drawn because
neither player has mating material} 1/2-1/2

[Event "Team 45 45 League T48"]
[Site "Internet Chess Club"]
[Date "2011.03.05"]
[Round "4"]
[White "JimGaming"]
[Black "radiohead"]
[Result "0-1"]
[WhiteElo "1214"]
[BlackElo "1415"]
[Opening "Sicilian: Alapin's variation (2.c3)"]
[ECO "B22"]
[Time "14:02:55"]
[TimeControl "2700+45"]

1. e4 c5 2. c3 d5 3. exd5 Qxd5 4. d4 e6 5. Nf3 Nf6 6. Na3 Qd8 7. Bg5 Be7 8. Bxf6
Bxf6 9. Bb5+ Bd7 10. Be2 cxd4 11. Nxd4 a6 12. Nc4 Be7 13. Ne5 O-O 14. Nxd7 Nxd7
15. O-O Qc7 16. a4 Nf6 17. Bf3 Rad8 18. a5 e5 19. Qb3 exd4 20. cxd4 Rxd4 21.
Bxb7 Rb8 22. Qb6 Qxb6 23. axb6 Rxb7 24. Rxa6 h6 25. Rc1 Rd6 26. g3 Rdxb6 27.
Rc8+ Kh7 28. Rxb6 Rxb6 29. Rc7 Bd6 30. Rxf7 Rxb2 31. Ra7 Bc5 32. Ra5 Bxf2+ 33.
Kf1 Ng4 34. Rf5 Nxh2+ 35. Kg2 Be3+ 36. Kh3 Bd4 37. g4 Bf6 38. g5 Bxg5 39. Kg3
Be7 40. Rf2 Bd6+ 41. Kg2 Rxf2+ 42. Kxf2 Ng4+ {White resigns} 0-1

[Event "Team 45 45 League T48"]
[Site "Internet Chess Club"]
[Date "2011.03.08"]
[Round "4"]
[White "Cicero"]
[Black "farbror"]
[Result "0-1"]
[WhiteElo "1361"]
[BlackElo "1322"]
[Opening "Owen defense"]
[ECO "B00"]
[Time "14:30:21"]
[TimeControl "2700+45"]

1. e4 b6 2. d4 Bb7 3. Bd3 Nf6 4. e5 Bxg2 5. exf6 Bxh1 6. f3 exf6 7. Be4 Qe7 8.
Qe2 c6 9. d5 cxd5 10. Bxd5 Qxe2+ 11. Kxe2 Nc6 12. Nd2 Bd6 13. Nf1 O-O 14. Kf2
Bc5+ 15. Be3 Bxe3+ 16. Kxe3 Rfe8+ 17. Kf2 Rac8 18. Be4 Nd4 19. c3 Ne6 20. Ng3
Bxf3 21. Bxf3 Nf4 22. Bg4 Rcd8 23. Rd1 Re7 24. Nf5 Re5 25. Nf3 Re2+ 26. Kg3 g5
27. Ne1 Rxb2 28. Bf3 Ne2+ 29. Kg4 Nxc3 30. Rd6 Rb4+ 31. Kh5 Ne4 32. Bxe4 Rxe4
33. Nf3 Re6 34. Rd5 d6 35. Kh6 g4 36. N3d4 Re5 37. Nc6 Rxd5 38. Nfe7+ Kf8 39.
Nxd5 Rc8 40. Nxa7 Ra8 41. Nb5 Rxa2 42. Kh5 f5 43. Kg5 Rxh2 44. Nf6 g3 45. Nd4 g2
46. Nf3 Rh1 47. Kxf5 g1=Q 48. Nxg1 Rxg1 49. Nxh7+ Ke7 50. Ke4 Ke6 51. Kd4 Ke7
52. Kd5 Rg7 53. Nf6 Kxf6 54. Kxd6 Kg5 55. Kc6 f5 56. Kxb6 f4 57. Kc5 Rd7 58. Kc6
Rd1 59. Kc5 Kf5 60. Kc4 Ke5 61. Kc3 Ke4 62. Kc2 Rd8 {White resigns} 0-1

[Event "Team 45 45 League T48"]
[Site "Internet Chess Club"]
[Date "2011.03.07"]
[Round "4"]
[White "MeansToAnEnd"]
[Black "lawth3"]
[Result "1/2-1/2"]
[WhiteElo "1188"]
[BlackElo "1227"]
[Opening "Nimzo-Indian defense"]
[ECO "E20"]
[Time "20:00:26"]
[TimeControl "2700+45"]

1. d4 Nf6 2. c4 e6 3. Nc3 Bb4 4. Bd2 Nc6 5. Nf3 d6 6. a3 Bxc3 7. Bxc3 Ne4 8. e3
Nxc3 9. bxc3 O-O 10. Bd3 Re8 11. O-O e5 12. Qc2 g6 13. h3 b6 14. Be4 Qd7 15.
Bxc6 Qxc6 16. Qb3 Re7 17. Qb5 Qxb5 18. cxb5 e4 19. Nd2 f5 20. d5 a6 21. a4 Bd7
22. c4 axb5 23. axb5 Rf8 24. f3 exf3 25. Rxf3 g5 26. Ra7 Be8 27. Nf1 Bh5 28. Rg3
h6 29. h4 Bg4 30. hxg5 hxg5 31. Nh2 Be2 32. Rxg5+ Kh7 33. Ra4 Re4 34. Ra7 Rf7
35. Ra8 Kh6 36. Rag8 Ree7 37. Rg3 Rg7 38. Rh8+ Rh7 39. Rhg8 Rhg7 40. Rh8+ Rh7
41. Rhg8 Reg7 42. Rh3+ Kg6 43. Rg3+ Kf7 44. Rc8 Kf6 45. Rf8+ Rf7 46. Rfg8 Rhg7
47. R3xg7 Rxg7 48. Rf8+ Rf7 49. Re8 Kg7 50. Nf3 Bxc4 51. Ng5 Rf6 52. Re7+ Kg6
53. Rxc7 Bxd5 54. Nf3 Rf7 55. Rxf7 Kxf7 56. Nd4 Kf6 57. Kf2 Bc4 58. Kg3 d5 59.
Kf4 Bd3 60. g3 Bb1 61. Nc6 Bd3 62. Nd4 Kg6 63. g4 fxg4 64. Kxg4 Kf6 65. Kf4 Bb1
66. Nc6 Ke6 67. Nd4+ Kd6 68. Nb3 Bd3 69. Nd4 Kc5 70. Ke5 Bc4 71. e4 dxe4 72.
Kxe4 Bxb5 73. Ke3 Ba4 74. Kd3 Kd5 75. Kc3 Kc5 76. Ne6+ Kd5 77. Nd4 Kc5 78. Ne6+
Kb5 79. Nd4+ Ka5 80. Kc4 Be8 81. Nb3+ Ka6 82. Nc5+ Ka5 83. Nb3+ Ka4 84. Nc5+ Ka3
85. Kd4 b5 86. Nd3 Bg6 87. Nc5 b4 88. Kc4 Bf7+ 89. Kd4 Bg6 90. Kc4 Bc2 91. Kd4
Kb2 92. Kc4 Ka3 93. Kd4 Bb3 94. Kd3 Bd5 95. Kd4 b3 96. Nxb3 {Game drawn because
neither player has mating material} 1/2-1/2